 Dungeon Crawl Stone Soup version 0.25-a0-424-g80bd347ae0 (console) character file.

Game seed: 15517705081427920830, levelgen mode: deterministic

9 Asser the Charmwright (level 2, -1/22 HPs)
             Began as a Merfolk Skald on Jan 23, 2020.
             Slain by a worm (8 damage)
             ... on level 1 of the Dungeon.
             The game lasted 00:03:18 (455 turns).

Asser the Charmwright (Merfolk Skald)                Turns: 455, Time: 00:03:18

Health: -1/22      AC:  4    Str: 11    XL:     2   Next: 12%
Magic:  2/5        EV: 12    Int: 12    God:
Gold:   31         SH:  0    Dex: 13    Spells: 4/5 levels left

rFire    . . .     SeeInvis .   a - +0 spear
rCold    . . .     Gourm    .   (no shield)
rNeg     . . .     Faith    .   b - +0 leather armour
rPois    .         Spirit   .   h - +0 helmet
rElec    .         Reflect  .   (no cloak)
rCorr    .         Harm     .   (no gloves)
MR       .....                  (no boots)
Stlth    +.........             (no amulet)
HPRegen  0.07/turn              (no ring)
MPRegen  0.09/turn              (no ring)

@: infused
A: change form in water, swift swim, stealthy swim
a: no special abilities


You were on level 1 of the Dungeon.
You were not hungry.

You visited 1 branch of the dungeon, and saw 2 of its levels.

You collected 31 gold pieces.

Inventory:

Hand Weapons
 a - a +0 spear (weapon)
Armour
 b - a +0 leather armour (worn)
 h - a +0 helmet (worn)
Jewellery
 l - an uncursed ring of flight {unknown}
 n - an uncursed amulet of the gourmand {unknown}
Scrolls
 c - 2 scrolls of remove curse {unknown}
 e - a scroll of noise {unknown}
 i - a scroll of amnesia {unknown}
 j - a scroll of identify {unknown}
 m - a scroll of fog {unknown}
Potions
 f - a potion of curing {unknown}
 g - 2 potions of magic {unknown}
 k - a potion of degeneration {unknown}
 o - 2 potions of heal wounds {unknown}
Comestibles
 d - 3 rations


   Skills:
 + Level 2.2 Fighting
 + Level 3.1 Polearms
 + Level 0.6 Armour
 + Level 2.8 Dodging
 + Level 2.0 Spellcasting
 + Level 3.7 Charms


You had 4 spell levels left.
You knew the following spells:

 Your Spells              Type           Power        Failure   Level  Hunger
a - Infusion              Chrm           ##..         8%          1    ##.....

Your spell library contained the following spells:

 Spells                   Type           Power        Failure   Level  Hunger
 Song of Slaying          Chrm           ##......     12%         2    ###....
 Shroud of Golubria       Chrm/Tloc      #.....       26%         2    ###....
 Ozocubu's Armour         Chrm/Ice       #.......     45%         3    ####...
 Spectral Weapon          Hex/Chrm       #.......     45%         3    ####...


Dungeon Overview and Level Annotations

Branches:
Dungeon (2/15)

Altars:


Message History

The hobgoblin shouts!
The hobgoblin barely misses you. The worm barely misses you.
You barely miss the hobgoblin. The hobgoblin closely misses you.
You closely miss the hobgoblin.
The hobgoblin hits you but does no damage.
The worm closely misses you.
You closely miss the hobgoblin. The rat bites you but does no damage.
The hobgoblin closely misses you.
You closely miss the hobgoblin. The rat barely misses you.
The worm barely misses you. The hobgoblin misses you.
The frilled lizard barely misses you. The rat closely misses you.
The hobgoblin closely misses you. The worm bites you!
You climb upwards.
There is a stone staircase leading down here.
You hit the worm.
The worm is lightly wounded.
The frilled lizard bites you. The rat misses you.
The hobgoblin hits you with a +0 club.
You hit the worm.
The worm is moderately wounded.
The frilled lizard bites you but does no damage.
The rat barely misses you. The worm bites you!
You die...

.....#######.......# #....
....†.........##...## #[...
....................### #....
.................###..# #....
............#.#.......# #......
.....................(##.........
#######...#......................
#....##..#..................
####........................
####...gr####............
###...)@# #...(........
#...##lw...#%....$.. ...
####.#####..#.#........ ...
#....# ##.# ..######.# . ##.####
.# ... .....## #..# .# .. ......
#.## .. #.##. #..## ##.# #.#
#>... #..# #..# #.# #...# #..
##.## #.###...# #.. ##..#
#.##....# ####.#


You could see a worm, a hobgoblin, a frilled lizard and a rat.

Vanquished Creatures
  2 dart slugs (D:1)
  A hobgoblin (D:1)
  A frilled lizard (D:1)
  A kobold (D:1)
  A rat (D:1)
6 creatures vanquished.

Notes
Turn   | Place    | Note
-------+----------+-------------------------------------------
     0 | D:1      | Asser the Merfolk Skald began the quest for the Orb.
     0 | D:1      | Reached XP level 1. HP: 16/16 MP: 3/3
   133 | D:1      | Reached XP level 2. HP: 6/22 MP: 0/5
   455 | D:1      | Slain by a worm

Levels and vault maps discovered:
D:1:      dpeg_arrival_tiny_a, layout_rooms, kennysheep_another_room
D:2:      layout_rooms, grunt_temple_overflow_open, st_stairs_5, uniq_terence

Action                   || total
-------------------------++-------
Melee: Spear             ||    18
 Cast: Infusion          ||     4
Armor: Leather armour    ||     4
Dodge: Dodged            ||    22

Table legend:
 A = Non-vault XP
 B = Vault XP
 C = Vault XP percentage of total XP
 D = Non-vault monster count
 E = Vault monster count
 F = Vault count percentage of total count
                 A         B        C        D         E       F
            +---------+---------+-------+---------+---------+-------
      Total |      13 |       0 |   0.0 |       6 |       0 |   0.0
            +---------+---------+-------+---------+---------+-------
        D:1 |      13 |       0 |   0.0 |       6 |       0 |   0.0
            +---------+---------+-------+---------+---------+-------
